3289 views
Uploaded 2020-05-09 09:55:39
Game version 1.32 / 1.32.1
9:13 long 1on1 ladder game on (2)NorthernIsles
Saved by Freeqs
3289 views
Uploaded 2020-05-09 09:55:39
Game version 1.32 / 1.32.1
9:13 long 1on1 ladder game on (2)NorthernIsles

23 units @ 2.1k
/ 0.1k
9 buildings @ 1.5k
/ 0.5k


| Dust of Appearance | 1 | 75 |
| total: | 1 | 75g |
| Wisp | 13 | 780 | / | 0 |
| Archer | 10 | 1300 | / | 100 |
| total: | 23 | 2080g | / | 100w |
| Altar of Elders | 1 | 180 | / | 50 |
| Ancient of War | 1 | 150 | / | 60 |
| Moon Well | 4 | 720 | / | 160 |
| Hunter's Hall | 1 | 210 | / | 100 |
| Ancient of Wonders | 1 | 90 | / | 30 |
| Ancient of Lore | 1 | 155 | / | 145 |
| Tree of Ages | 1 | 320 | / | 180 |
| Tree of Eternity | 1 | 330 | / | 200 |
| total: | 9 | 1505g | / | 545w |
| 0:03 | Wisp |
| 0:04 | Altar of Elders |
| 0:11 | Wisp |
| 0:17 | Ancient of War |
| 0:22 | Moon Well |
| 0:24 | Wisp |
| 0:35 | Wisp |
| 0:47 | Wisp |
| 0:59 | Wisp |
| 1:15 | Wisp |
| 1:20 | Archer |
| 1:27 | Archer |
| 1:35 | Wisp |
| 1:49 | Moon Well |
| 2:12 | Mana Burn |
| 2:46 | Tree of Ages |
| 3:44 | Archer |
| 3:49 | Evasion |
| 3:51 | Archer |
| 4:01 | Moon Well |
| 4:03 | Hunter's Hall |
| 4:18 | Archer |
| 4:39 | Archer |
| 4:43 | Ancient of Wonders |
| 4:56 | Archer |
| 5:07 | Strength of the Moon |
| 5:09 | Wisp |
| 5:09 | Wisp |
| 5:32 | Improved Bows |
| 5:52 | Archer |
| 6:01 | Wisp |
| 6:01 | Wisp |
| 6:02 | Tree of Eternity |
| 6:08 | Mana Burn |
| 6:12 | Dust of Appearance |
| 6:16 | Archer |
| 6:48 | Moon Well |
| 7:03 | Moon Armor |
| 7:36 | Frost Arrows |
| 8:01 | Archer |
| 8:08 | Ancient of Lore |
| 8:27 | Marksmanship |
| 8:46 | Wisp |
| Right click | 422 |
| Select group | 357 |
| Select | 210 |
| Assign group | 126 |
| Misc. action | 60 |
| Build/train/purchase | 43 |
| Use ability | 10 |
| Esc | 3 |
29 units @ 2.7k
/ 0.3k
12 buildings @ 2.1k
/ 0.9k


| Moonstone | 1 | 50 |
| Staff of Preservation | 1 | 150 |
| total: | 2 | 200g |
| Wisp | 20 | 1200 | / | 0 |
| Archer | 1 | 130 | / | 10 |
| Huntress | 4 | 780 | / | 80 |
| Dryad | 4 | 580 | / | 240 |
| total: | 29 | 2690g | / | 330w |
| Altar of Elders | 1 | 180 | / | 50 |
| Ancient of War | 1 | 150 | / | 60 |
| Moon Well | 4 | 720 | / | 160 |
| Hunter's Hall | 1 | 210 | / | 100 |
| Ancient of Wonders | 2 | 180 | / | 60 |
| Tree of Life | 1 | 340 | / | 185 |
| Ancient of Lore | 2 | 310 | / | 290 |
| Tree of Ages | 2 | 640 | / | 360 |
| total: | 12 | 2090g | / | 905w |
| 0:04 | Wisp |
| 0:04 | Wisp |
| 0:06 | Altar of Elders |
| 0:23 | Ancient of War |
| 0:24 | Wisp |
| 0:26 | Moon Well |
| 0:32 | Wisp |
| 0:32 | Wisp |
| 0:42 | Wisp |
| 0:49 | Wisp |
| 0:49 | Wisp |
| 1:04 | Wisp |
| 1:06 | Wisp |
| 1:27 | Archer |
| 1:36 | Wisp |
| 1:36 | Wisp |
| 1:47 | Wisp |
| 2:06 | Hunter's Hall |
| 2:29 | Moon Well |
| 2:41 | Wisp |
| 2:51 | Ancient of Wonders |
| 3:05 | Wisp |
| 3:16 | Mana Burn |
| 3:39 | Tree of Ages |
| 3:41 | Huntress |
| 3:58 | Tree of Life |
| 4:08 | Huntress |
| 4:09 | Huntress |
| 4:40 | Huntress |
| 4:42 | Evasion |
| 4:53 | Ancient of Wonders |
| 5:00 | Ultravision |
| 5:09 | Moon Well |
| 5:39 | Moon Well |
| 6:09 | Wisp |
| 6:09 | Wisp |
| 6:18 | Ancient of Lore |
| 6:49 | Wisp |
| 6:50 | Wisp |
| 6:50 | Wisp |
| 7:06 | Ancient of Lore |
| 7:20 | Evasion |
| 7:22 | Mana Burn |
| 7:22 | Mana Burn |
| 7:23 | Mana Burn |
| 7:23 | Mana Burn |
| 7:23 | Mana Burn |
| 7:32 | Entangling Roots |
| 7:33 | Moonstone |
| 7:35 | Staff of Preservation |
| 8:06 | Dryad |
| 8:28 | Dryad |
| 8:51 | Dryad |
| 8:52 | Dryad |
| Select group | 647 |
| Right click | 450 |
| Select | 323 |
| Misc. action | 69 |
| Build/train/purchase | 56 |
| Assign group | 39 |
| Use ability | 23 |
| Chat | 4 |
| Esc | 3 |